Map: Nightshade LE

Players

Neeb - Winner!

  • Race: Protoss Protoss
  • Spawn Location: 5:00

LiquidTLO (TLO)

  • Race: Zerg Zerg
  • League: Grandmaster
  • Spawn Location: 11:00

VOD

Have the link to the VOD?

Description

Time

  • Played on: Jan. 7, 2020, 7 p.m.
  • Length: 11:13
Show
View Real Time Build Order
Export as new Build Order

Neeb Protoss - Winner!

Build Orders: 1 Gate Expand, Oracle Opening, Phoenix Opening, Archon Immortal 

Get SALT Encoding   

  12  0:00  Probe  
  13  0:13  Probe  
  14  0:19  Pylon  
  14  0:25  Probe  
  15  0:37  Probe (Chrono Boost)  
  15  0:39  Gateway  
  16  0:46  Probe (Chrono Boost)  
  16  0:47  Assimilator  
  17  0:51  Probe  
  18  1:03  Probe  
  19  1:15  Probe  
  20  1:26  Nexus  
  20  1:33  Cybernetics Core  
  20  1:36  Probe  
  21  1:45  Assimilator  
  21  1:48  Probe  
  21  1:52  Pylon  
  21  2:00  Probe (Chrono Boost)  
  22  2:07  Adept (Chrono Boost)  
  22  2:12  Probe (Chrono Boost)  
  25  2:17  Probe (Chrono Boost)  
  25  2:19  Stargate  
  26  2:26  Probe  
  26  2:29  Adept (Chrono Boost)  
  27  2:32  Warp Gate  
  29  2:38  Probe x2  
  31  2:47  Gateway  
  31  2:50  Probe  
  32  2:52  Probe  
  33  3:00  Adept  
  33  3:02  Probe  
  33  3:04  Oracle (Chrono Boost)  
  36  3:10  Probe  
  40  3:16  Probe  
  40  3:18  Pylon  
  41  3:22  Probe  
  42  3:27  Pylon  
  42  3:28  Probe  
  43  3:34  Phoenix (Chrono Boost)  
  43  3:35  Probe  
  43  3:40  Assimilator  
  43  3:41  Probe  
  45  3:42  Assimilator  
  45  3:48  Probe  
  46  3:52  Oracle (Chrono Boost)  
  46  3:53  Probe  
  50  4:00  Probe  
  51  4:05  Probe  
  52  4:11  Robotics Facility  
  52  4:12  Probe, Pylon  
  53  4:17  Probe  
  55  4:24  Probe  
  55  4:25  Adept, Sentry  
  55  4:29  Probe  
  60  4:34  Nexus  
  60  4:36  Probe  
  61  4:41  Pylon  
  61  4:42  Pylon  
  61  4:43  Probe  
  62  4:51  Probe, Gateway  
  63  4:56  Probe  
  63  4:58  Immortal (Chrono Boost)  
  68  5:08  Probe  
  68  5:09  Probe  
  68  5:11  Sentry, Zealot  
  68  5:14  Shield Battery  
  74  5:21  Forge  
  74  5:23  Twilight Council  
  74  5:25  Probe  
  74  5:27  Probe  
  76  5:30  Observer (Chrono Boost)  
  77  5:38  Probe  
  77  5:39  Probe  
  79  5:49  Immortal (Chrono Boost)  
  79  5:50  Probe, Zealot x3  
  79  5:51  Probe x2  
  79  5:53  Protoss Ground Weapons Level 1 (Chrono Boost), Charge  
  92  6:02  Probe  
  92  6:03  Templar Archives  
  93  6:05  Probe  
  93  6:07  Probe  
  93  6:09  Pylon  
  95  6:18  Immortal (Chrono Boost)  
  93  6:25  Sentry  
  93  6:26  Stalker x2  
  93  6:27  Shield Battery  
  99  6:36  Gateway  
  99  6:37  Gateway  
  97  6:40  Shield Battery  
  97  6:41  Shield Battery  
  97  6:46  Immortal (Chrono Boost)  
  101  6:49  High Templar  
  101  6:50  High Templar, Zealot  
  107  6:54  Probe  
  107  6:55  Archon  
  107  6:57  Probe  
  109  7:09  Shield Battery  
  109  7:10  Shield Battery  
  109  7:12  Pylon, Gateway  
  109  7:13  Gateway  
  109  7:21  Zealot  
  109  7:24  Immortal (Chrono Boost)  
  109  7:28  Zealot  
  109  7:33  Zealot  
  109  7:34  Zealot x2  
  108  7:42  Stalker  
  108  7:47  Probe  
  108  7:49  Shield Battery  
  108  7:50  Shield Battery  
  108  7:51  Zealot  
  101  7:55  Immortal (Chrono Boost), Stalker x3  
  101  8:06  Probe  
  101  8:07  Probe  
  101  8:09  Assimilator, Zealot x3  
  101  8:10  Assimilator  
  109  8:15  Protoss Ground Weapons Level 2 (Chrono Boost), Probe  
  109  8:17  Sentry  
  109  8:18  Probe  
  113  8:33  Pylon  
  113  8:34  Observer  
  113  8:35  Nexus  
  113  8:36  Pylon, Photon Cannon  
  113  8:45  Zealot  
  113  8:47  High Templar x2  
  113  8:48  High Templar  
  117  8:51  Nexus  
  117  8:52  Pylon  
  117  8:53  Pylon  
  117  8:54  Pylon  
  117  8:55  Gateway, Warp Prism (Chrono Boost)  
  117  8:56  High Templar, Zealot x2  
  117  8:57  Archon  
  125  9:09  Pylon  
  125  9:12  Pylon  
  125  9:17  Pylon  
  125  9:18  Pylon  
  125  9:19  High Templar x2, Zealot  
  125  9:20  Pylon, Zealot x2  
  125  9:21  Zealot  
  137  9:28  Photon Cannon  
  137  9:33  Archon  
  136  9:47  High Templar x4, Zealot  
  136  9:49  Nexus  
  136  9:51  Archon x2  
  146  9:54  Archon, Pylon  
  146  9:59  Pylon  
  142  10:01  Zealot x3  
  142  10:04  Probe x2  
  142  10:05  Probe  
  151  10:19  Probe x2, High Templar x2  
  151  10:20  High Templar x2, Zealot  
  163  10:23  Archon  
  163  10:24  Pylon  
  163  10:27  Shield Battery  
  161  10:30  Shield Battery  
  161  10:31  Shield Battery  
  161  10:33  Probe  
  152  10:44  High Templar, Zealot x2  
  152  10:48  Archon  
  152  10:49  Probe x2  
  154  10:52  Probe  
  154  10:53  Photon Cannon  
  154  10:55  Shield Battery  
  145  10:58  Stalker x5  
Show
View Real Time Build Order
Export as new Build Order

LiquidTLO Zerg 

Build Orders: Hatch First 

Get SALT Encoding   

  12  0:01  Drone  
  13  0:13  Overlord  
  13  0:17  Drone  
  14  0:31  Drone x2  
  16  0:48  Hatchery  
  15  0:51  Drone  
  15  0:55  Drone  
  17  0:58  Drone  
  18  1:04  Extractor  
  17  1:14  Spawning Pool  
  17  1:17  Drone  
  17  1:21  Drone  
  18  1:31  Drone  
  19  1:39  Drone  
  20  1:53  Drone  
  21  2:00  Drone x2  
  21  2:01  Queen x2  
  27  2:09  Metabolic Boost  
  27  2:13  Overlord  
  27  2:17  Drone  
  27  2:20  Extractor  
  27  2:23  Drone  
  27  2:24  Extractor, Drone  
  30  2:37  Hatchery  
  30  2:43  Queen  
  31  2:45  Zergling x2  
  31  2:47  Zergling x2  
  33  2:53  Overlord  
  33  2:55  Drone  
  34  2:59  Overlord  
  34  3:01  Extractor  
  34  3:02  Drone  
  34  3:06  Spore Crawler  
  34  3:10  Drone  
  35  3:13  Drone x2  
  35  3:14  Drone  
  39  3:21  Drone  
  39  3:22  Drone  
  39  3:24  Queen  
  39  3:26  Overlord  
  43  3:31  Drone  
  43  3:37  Spore Crawler  
  43  3:40  Drone  
  43  3:41  Drone  
  43  3:42  Spore Crawler, Drone  
  43  3:44  Drone  
  43  3:48  Drone x2  
  47  3:50  Queen  
  47  3:54  Drone  
  50  3:56  Drone  
  50  3:57  Drone  
  52  4:04  Drone  
  52  4:05  Drone  
  52  4:09  Lair, Extractor  
  53  4:10  Overlord  
  53  4:13  Overlord  
  53  4:16  Extractor  
  53  4:17  Drone  
  53  4:19  Drone  
  53  4:21  Drone, Overlord  
  55  4:25  Spore Crawler  
  55  4:26  Drone  
  55  4:27  Drone  
  56  4:34  Drone x5  
  56  4:37  Zergling x4  
  63  4:43  Zergling x2  
  63  4:45  Roach Warren  
  63  4:46  Extractor  
  63  4:47  Drone  
  63  4:48  Zergling x2  
  63  4:49  Zergling x2  
  65  4:53  Zergling x2  
  65  4:57  Drone  
  65  4:58  Overlord  
  67  5:04  Drone  
  67  5:05  Drone  
  67  5:06  Drone  
  66  5:08  Drone x2  
  66  5:10  Drone  
  66  5:12  Drone  
  66  5:13  Extractor  
  69  5:14  Drone  
  69  5:15  Drone  
  69  5:16  Drone  
  69  5:17  Drone  
  69  5:18  Pneumatized Carapace  
  69  5:19  Extractor  
  72  5:23  Drone  
  72  5:26  Glial Reconstitution  
  72  5:27  Overlord  
  73  5:29  Overseer  
  73  5:33  Roach  
  73  5:34  Roach  
  73  5:36  Roach  
  73  5:40  Roach  
  76  5:44  Roach x2  
  76  5:45  Roach  
  76  5:47  Roach  
  76  5:49  Drone  
  85  5:50  Drone  
  86  5:58  Roach  
  86  5:59  Roach  
  86  6:01  Roach, Queen  
  86  6:03  Ravager x2  
  86  6:04  Zergling x2, Overlord  
  96  6:19  Roach  
  96  6:21  Roach  
  96  6:22  Roach  
  96  6:23  Roach x2  
  96  6:24  Zergling x4  
  96  6:25  Zergling x2  
  103  6:26  Zergling x6  
  106  6:33  Overlord x2  
  106  6:37  Overlord x2  
  106  6:42  Overlord x2  
  106  6:43  Overlord  
  106  6:44  Ravager  
  106  6:45  Overlord  
  106  6:52  Zergling x2  
  106  6:54  Roach  
  109  6:57  Roach x2  
  111  7:01  Zergling x2  
  111  7:02  Zergling x12  
  111  7:04  Roach  
  111  7:05  Queen  
  111  7:06  Ravager x4  
  125  7:09  Roach  
  125  7:10  Zergling x2  
  125  7:13  Roach  
  129  7:23  Roach  
  129  7:25  Roach  
  126  7:33  Roach  
  116  7:39  Roach  
  116  7:40  Roach x9  
  116  7:44  Roach  
  129  7:47  Roach  
  129  7:49  Zergling x2  
  129  7:50  Roach  
  120  7:53  Zergling x2  
  120  7:54  Roach, Queen x2  
  120  7:57  Zergling x2  
  123  8:03  Roach  
  123  8:04  Roach x2  
  114  8:08  Zergling x2  
  114  8:09  Drone  
  114  8:10  Drone  
  114  8:11  Extractor  
  107  8:13  Zergling x2  
  107  8:19  Spire, Zergling x4  
  109  8:22  Roach  
  109  8:23  Roach  
  113  8:27  Overlord  
  114  8:34  Drone  
  114  8:40  Drone  
  115  8:50  Hatchery  
  115  8:51  Overlord  
  114  8:57  Overlord  
  114  9:07  Overlord  
  114  9:13  Drone  
  115  9:25  Drone  
  114  9:31  Mutalisk  
  114  9:32  Mutalisk x10  
  114  9:33  Extractor x2  
  114  9:36  Mutalisk  
  133  9:44  Mutalisk  
  135  9:47  Roach  
  135  9:49  Zergling x2  
  137  9:53  Mutalisk  
  137  9:55  Overlord  
  137  9:56  Overlord  
  139  10:02  Spine Crawler  
  139  10:03  Spine Crawler  
  139  10:04  Spine Crawler  
  135  10:11  Roach x5  
  140  10:14  Roach  
  141  10:23  Roach x2  
  141  10:25  Roach x2  
  141  10:27  Ravager  
  141  10:28  Ravager x2  
  148  10:30  Roach  
  148  10:31  Roach  
  148  10:32  Roach  
  153  10:41  Roach  
  153  10:42  Roach x2  
  155  10:43  Roach  
  124  10:51  Roach  
Tags
 
Add a new tag
Caveats
  • Supply blocks, unpowered buildings, or Contaminate may cause inaccurate times.
  • Supply counts are checked every 10 seconds.